cohdb
Replays
Latest Replays
All Replays
Popular Replays
Top Player Replays
Match Explorer
How It Works
Community
CoH3 Stats
Reddit
Sign in to upload your games and track your stats! →
Sign in with Steam
Toiletkrad vs JEFG - vet 3 bike MVP on new map
Match 15711746
Overview
Messages
Build Orders
End
Construct Barracks
Riflemen Squad
Riflemen Squad
Riflemen Squad
Riflemen Squad
Construct Medical Station
Infantry Support Center
Riflemen Squad
Construct Motor Pool
M1 Anti-tank Gun Team
M1918 Browning Automatic Rifles
Grenade Package
M1 Anti-tank Gun Team
M24 Chaffee Light Tank
M1 Anti-tank Gun Team
Engineer Squad
M24 Chaffee Light Tank
Selects Armored Battlegroup
Selects Strength in Steel
Selects Seek and Destroy
Selects M4A3E8 Sherman Combat Group
M4A3E8 Sherman Combat Group
M4A3E8 Sherman Combat Group
AI Takeover
JEFG
Toiletguy
0
0
Comments
sign in to comment!
No comments posted yet!